 Seeded DCSS version 0.31-a0-435-g2c6fae2916 (webtiles) character file.

Game seed: 3066185116294757272 (custom seed)

1285 Gelion the Changeling (level 8, 0/50 HPs)
             Began as an Octopode Shapeshifter on Aug 2, 2023.
             Was an Initiate of Gozag.
             Slain by a manticore (19 damage)
             ... on level 6 of the Dungeon.
             The game lasted 00:09:10 (4117 turns).

Gelion the Changeling (Octopode Shapeshifter)       Turns: 4117, Time: 00:09:10

Health: 0/50       AC:  9    Str: 20    XL:     8   Next: 55%
Magic:  8/8        EV: 10    Int: 10    God:    Gozag
Gold:   456        SH:  0    Dex: 14    Spells: 7/7 levels left

rFire   + .          .
                       - Unarmed
rCold   + . .        (shield currently unavailable)
rNeg    . . .        (helmet currently unavailable)
rPois   .            (no amulet)
rElec   .            b - ring of protection from cold
rCorr   .            j - ring of protection from fire
SInv    .            (no ring)
Will    .....        (no ring)
Stlth   +            (no ring)
HPRegen 0.28/turn    (no ring)
MPRegen 0.11/turn    (no ring)
                     (no ring)

%: no passive effects
@: snake-form, spiked
A: constrict, reduced hp, almost no armour, amphibious, 8 rings, large,
(camouflage 1), (gelatinous body 1), (nimble swimmer 1), (tentacles)
a: Begin Untransformation, Renounce Religion, Potion Petition, Call Merchant,
Bribe Branch


You were on level 6 of the Dungeon.
You worshipped Gozag.
Gozag was aware of your devotion.
You were an enormous anaconda.
You visited 2 branches of the dungeon, and saw 7 of its levels.
You also visited: Sewer.

You collected 507 gold pieces.
You paid 51 gold pieces to Gozag.

Inventory:

Missiles
 m - 3 curare-tipped darts
Jewellery
 b - a ring of protection from cold (left tentacle)
 j - a ring of protection from fire (right tentacle)
Talismans
 o - a serpent talisman (active)
Wands
 s - a wand of acid (10)
Scrolls
 c - a scroll of silence {unknown}
 d - 2 scrolls of butterflies
 i - 2 scrolls of teleportation
 k - a scroll of fear
 l - a scroll of enchant armour
 q - a scroll of vulnerability {unknown}
Potions
 a - 2 potions of lignification
 e - a potion of brilliance {unknown}
 f - a potion of heal wounds
 g - 2 potions of enlightenment {unknown}
 h - a potion of haste
 n - a potion of attraction
 p - a potion of mutation {unknown}
 r - 2 potions of curing {unknown}


   Skills:
 + Level 5.0 Fighting
 - Level 2.0 Dodging
 + Level 5.8 Unarmed Combat
 * Level 6.7 Shapeshifting


You had 7 spell levels left.
You didn't know any spells.
Your spell library was empty.

Dungeon Overview and Level Annotations

Branches:
Dungeon (6/15)             Temple (1/1) D:5           Sewer (visited)

Altars:
Ashenzari
Cheibriados
Dithmenos
Elyvilon
Fedhas
Gozag
Hepliaklqana
Kikubaaqudgha
Makhleb
Nemelex Xobeh
Okawaru
Qazlal
Ru
Sif Muna
Trog
Vehumet
Wu Jian
Xom
Zin

Shops:
D:2 [   D:3 *


Innate Abilities, Weirdness & Mutations

You are an enormous anaconda.
You have a powerful constriction melee attack.
Your maximum health is decreased, since you lack skill for your form.
Your armour is entirely melded.
You are incapable of wielding weapons or throwing items.
You cannot wear most types of armour.
You are amphibious.
You can wear up to eight rings at the same time.
((Your skin changes colour to match your surroundings (Stealth+).))
((Your rubbery body absorbs attacks. (AC +1, EV +1)))
((You are camouflaged when in or above water. (Stealth+)))
((You have tentacles for arms and can constrict up to eight enemies at once.))


Message History

There is an open door, spattered with blood here.
You see here a +0 club.
An ogre comes into view. It is wielding a +0 giant spiked club.
You lash the ogre! You grab the ogre.
The ogre is severely wounded.
You constrict the ogre. The ogre hits you but does no damage.
You lash the ogre!
You kill the ogre!
Your Fighting skill increases to level 5!
A manticore comes into view.
The manticore moves out of view.
You now have 456 gold pieces (gained 17).
You see here a +0 giant spiked club.
s - a wand of acid (10)
A bullfrog comes into view.
The manticore flicks its tail.
The volley of spikes hits you!
The barbed spikes become lodged in your body.
The barbs in your skin will harm you if you move.
Continue?
Okay, then.
You feel much better.
The bullfrog croaks.
You hit the manticore. You grab the manticore.
The manticore is lightly wounded.
You constrict the manticore. The manticore closely misses you.
The manticore claws you but does no damage. x2
You lash the manticore!
The manticore is moderately wounded.
You constrict the manticore. The manticore bites you!
The manticore claws you. x2
You lash the manticore!
The manticore is heavily wounded.
You constrict the manticore.
The manticore bites you but does no damage.
The manticore claws you.
The manticore claws you but does no damage.
You hit the manticore.
The manticore is severely wounded.
You constrict the manticore. The manticore bites you!!
You die...
Your body crumbles into a pile of gold.

.....##..#.... ..#
#...###..#.... ..#
....# #..#$... .:)#
.#########.... ...# .#
#.. #.... ....# .#
#.### #...#####...#
.###...##
#...).#$....#
.....#..####...H#....#
####....##[###.FS..###
#.##.##.#####)###
#.........))).#
###############


You could see a manticore and a bullfrog.

Vanquished Creatures
  A sky beast (D:6)
  2 ogres
  7 kobold brigands (Sewer)
  A bullfrog (D:6)
  An orc priest (D:5)
  2 hounds (D:6)
  A jelly (D:6)
  3 iguanas
  4 gnolls (D:6)
  10 adders
  A river rat (Sewer)
  2 shadow imps (D:6)
  4 worms
  A dart slug (D:4)
  11 orcs
  9 bats
  12 endoplasms
  6 giant cockroaches
  10 goblins
  8 hobgoblins
  12 kobolds
  2 quokkas (D:1)
  11 ball pythons
  4 frilled lizards
  7 rats
132 creatures vanquished.

Notes
Turn   | Place    | Note
-------+----------+-------------------------------------------
     0 | D:1      | Gelion the Octopode Shapeshifter began the quest for the
                  | Orb.
     0 | D:1      | Reached XP level 1. HP: 13/13 MP: 1/1
    56 | D:1      | Reached XP level 2. HP: 18/18 MP: 2/2
   414 | D:1      | Reached XP level 3. HP: 23/23 MP: 3/3
   819 | D:2      | Reached XP level 4. HP: 29/29 MP: 4/4
  1026 | D:2      | Found a faded altar of an unknown god.
  1073 | D:2      | Found Qabuz's Armour Emporium.
  1073 | D:2      | Noticed an animated crystal plate armour
  1074 | D:2      | Noticed an animated pearl dragon scales
  1633 | D:3      | Found Qovocuus's Assorted Antiques.
  1708 | D:3      | Reached skill level 4 in Shapeshifting
  1970 | D:3      | Reached XP level 5. HP: 23/35 MP: 5/5
  2224 | D:4      | Found a radiant altar of Vehumet.
  2227 | D:4      | Noticed an ogre
  2238 | D:4      | Killed an ogre
  2239 | D:4      | Reached XP level 6. HP: 27/41 MP: 6/6
  2281 | D:4      | You fall into a shaft and drop 1 floor!
  2281 | D:5      | Entered Level 5 of the Dungeon
  2300 | D:5      | Found an ornate altar of the Wu Jian Council.
  2392 | D:5      | Found a staircase to the Ecumenical Temple.
  2401 | Temple   | Entered the Ecumenical Temple
  2430 | Temple   | Became a worshipper of Gozag Ym Sagoz the Greedy
  2507 | D:5      | Found a glowing drain.
  2525 | Sewer    | Entered a sewer
  2625 | Sewer    | Reached skill level 5 in Shapeshifting
  2665 | Sewer    | Reached XP level 7. HP: 27/46 MP: 7/7
  3014 | Sewer    | Reached skill level 5 in Unarmed Combat
  3533 | D:5      | Found a stormy altar of Qazlal.
  3535 | D:5      | Noticed a water elemental
  3535 | D:5      | Noticed a fire elemental
  3535 | D:5      | Noticed an air elemental
  3560 | D:5      | Reached skill level 6 in Shapeshifting
  3563 | D:5      | Reached XP level 8. HP: 37/54 MP: 8/8
  4105 | D:6      | Reached skill level 5 in Fighting
  4105 | D:6      | Noticed a manticore
  4117 | D:6      | Slain by a manticore

Illustrated notes

Levels and vault maps discovered:
D:1:      scummos_arrival_simple_crosswalls, layout_rooms,
          hangedman_decor_growths, hangedman_glass_teeth
D:2:      minmay_alternating_diamond, layout_basic, serial_shops,
          nicolae_shop_mannequins, hellmonk_ecumenical_altar_inner_sanctum
D:3:      layout_basic, serial_shops, nicolae_shop_just_a_little_nook,
          minivault_14
D:4:      layout_rooms, mainiacjoe_overflow_paths
D:5:      layout_basic, nicolae_wu_jian_wuxing_cycle,
          nicolae_qazlal_style_of_elements, minmay_temple_entry_waves,
          cheibrodos_sewer_entry_bend
D:6:      layout_loops_cross, grunt_potential
Temple:   nicolae_temple_elliptical

Skill      XL: |  1  2  3  4  5  6  7  8 |
---------------+-------------------------+-----
Fighting       | 2 3 4 5 |  5.0
Shapeshifting  | 4 5 6 |  6.7
Unarmed Combat | 4 5 |  5.8
Dodging        | |  2.0

Action                     |  1- 3 |  4- 6 |  7- 9 || total
---------------------------+-------+-------+-------++-------
  Melee: Unarmed           |    51 |   102 |   115 ||   268
         Constrict         |    11 |    22 |    25 ||    58
         Tentacles         |    12 |    13 |       ||    25
         Punch             |       |     1 |       ||     1
    Use: Scroll            |       |     8 |     5 ||    13
         Potion            |       |     1 |     1 ||     2
   Stab: Sleeping          |     8 |     5 |       ||    13
         Distracted        |       |       |     1 ||     1
 Armour: Skin              |     3 |    15 |    31 ||    49
  Dodge: Dodged            |    20 |    43 |    32 ||    95
   Form: Anaconda          |       |     1 |       ||     1

Table legend: (Time is in decaauts)
 A = Elapsed time spent in this place.
 B = Non-inter-level travel time spent in this place.
 C = Inter-level travel time spent in this place.
 D = Time resting spent in this place.
 E = Time spent auto-exploring this place.
 F = Levels seen in this place.
 G = Mean time per level.
                   A        B        C        D        E       F      G
               +--------+--------+--------+--------+--------+-----+--------+
         Total |   4072 |   3723 |    349 |    118 |   2747 |   8 |  509.0 |
       Dungeon |   3253 |   2959 |    294 |    118 |   2202 |   6 |  542.2 |
        Temple |     57 |      2 |     55 |      0 |      0 |   1 |   57.0 |
         Sewer |    761 |    761 |      0 |      0 |    545 |   1 |  761.0 |
               +--------+--------+--------+--------+--------+-----+--------+

Top non-repeatable levels by time:
     D:3: 810 daAuts
     D:2: 790 daAuts
   Sewer: 761 daAuts
     D:5: 708 daAuts
     D:1: 585 daAuts
     D:6: 288 daAuts
     D:4: 69 daAuts
  Temple: 57 daAuts
